Map: Rosanegro LE

Players

Xavier - Winner!

  • Race: Protoss Protoss
  • League: Silver
  • Spawn Location: 7:00

IagoAbreu

  • Race: Terran Terran
  • Spawn Location: 1:00

VOD

Have the link to the VOD?

Description

Time

  • Played on: Feb. 19, 2018, 11:06 a.m.
  • Length: 29:41
Show
View Real Time Build Order
Export as new Build Order

Xavier Protoss - Winner!

Build Orders:  

Get SALT Encoding   

  12  0:02  Probe (Chrono Boost)  
  13  0:11  Probe (Chrono Boost)  
  14  0:21  Probe  
  14  0:22  Pylon  
  15  0:40  Probe  
  16  0:52  Probe  
  17  1:11  Gateway  
  17  1:13  Forge  
  17  1:18  Pylon  
  17  1:20  Probe  
  17  1:21  Assimilator  
  18  1:29  Assimilator  
  18  1:32  Probe  
  19  1:39  Gateway  
  19  1:44  Probe  
  20  1:51  Photon Cannon  
  20  2:00  Pylon  
  20  2:01  Zealot  
  22  2:14  Cybernetics Core  
  22  2:22  Photon Cannon  
  22  2:26  Zealot  
  24  2:36  Probe (Chrono Boost)  
  25  2:46  Zealot, Probe (Chrono Boost)  
  25  2:50  Probe (Chrono Boost)  
  28  2:53  Zealot  
  31  3:02  Robotics Facility  
  31  3:13  Zealot  
  33  3:20  Stalker  
  35  3:40  Stalker  
  37  3:52  Warp Prism  
  39  4:24  Pylon  
  39  4:28  Nexus  
  39  4:29  Pylon  
  39  4:42  Zealot, Observer (Chrono Boost), Probe (Chrono Boost)  
  43  4:54  Stalker, Probe (Chrono Boost)  
  46  5:01  Probe (Chrono Boost)  
  46  5:06  Immortal  
  51  5:08  Probe  
  52  5:20  Probe  
  48  6:25  Probe (Chrono Boost)  
  47  6:35  Probe (Chrono Boost)  
  48  6:40  Probe (Chrono Boost)  
  49  6:49  Stalker  
  49  6:51  Stalker, Probe  
  49  6:53  Immortal  
  58  7:01  Twilight Council  
  58  7:03  Robotics Bay  
  58  7:04  Probe (Chrono Boost)  
  58  7:08  Stargate  
  59  7:11  Probe (Chrono Boost)  
  60  7:19  Stalker  
  60  7:21  Stalker  
  60  7:22  Probe (Chrono Boost)  
  65  7:32  Immortal  
  69  8:12  Probe (Chrono Boost)  
  70  8:17  Assimilator  
  70  8:20  Assimilator  
  70  8:25  Pylon x2  
  70  8:28  Pylon  
  70  8:31  Pylon  
  70  8:34  Pylon  
  70  8:37  Pylon  
  70  8:40  Probe  
  69  8:47  Stargate  
  69  8:48  Stargate  
  69  8:52  Stargate, Probe  
  69  8:55  Stargate  
  70  8:58  Stargate  
  70  9:04  Probe  
  71  9:15  Void Ray  
  71  9:16  Probe  
  76  9:17  Charge  
  76  9:44  Probe (Chrono Boost)  
  77  9:59  Templar Archives  
  77  10:03  Fleet Beacon  
  77  10:14  Dark Shrine  
  77  10:20  Nexus  
  77  10:45  Assimilator  
  77  10:49  Assimilator  
  77  10:51  Nexus  
  77  11:02  Assimilator  
  77  11:05  Pylon  
  77  11:08  Assimilator  
  77  11:10  Probe (Chrono Boost)  
  78  11:20  Probe (Chrono Boost)  
  78  11:25  Probe (Chrono Boost)  
  80  11:36  Probe (Chrono Boost)  
  81  11:46  Probe (Chrono Boost)  
  82  11:51  Probe (Chrono Boost)  
  83  12:05  Probe x2 (Chrono Boost)  
  86  12:17  Probe (Chrono Boost)  
  87  12:23  Probe (Chrono Boost)  
  87  12:25  Probe (Chrono Boost)  
  89  12:30  Probe (Chrono Boost)  
  89  12:34  Probe (Chrono Boost)  
  90  12:41  Probe (Chrono Boost)  
  92  12:45  Probe (Chrono Boost)  
  92  12:53  Probe (Chrono Boost)  
  93  13:02  Probe (Chrono Boost)  
  93  13:03  Probe (Chrono Boost)  
  95  13:08  Probe  
  95  13:12  Probe  
  97  13:15  Carrier  
  97  13:16  Carrier  
  97  13:18  Carrier  
  97  13:19  Carrier  
  115  13:20  Probe  
  115  13:21  Carrier  
  115  13:24  Probe  
  129  13:36  Probe  
  138  13:56  Mothership (Chrono Boost)  
  138  14:14  Pylon  
  138  14:16  Pylon  
  138  14:18  Pylon  
  138  14:21  Pylon  
  138  14:23  Pylon  
  138  14:27  Pylon  
  138  14:29  Pylon  
  138  14:39  Pylon  
  138  14:40  Pylon, Carrier  
  138  14:42  Carrier  
  138  14:43  Carrier  
  138  14:45  Carrier  
  156  14:47  Carrier  
  168  15:14  Probe (Chrono Boost)  
  169  15:24  Probe (Chrono Boost)  
  170  15:29  Probe (Chrono Boost)  
  171  15:40  Probe  
  171  15:52  Probe  
  158  16:51  Tempest  
  162  17:24  Pylon  
  162  17:32  Pylon  
  162  17:34  Tempest  
  163  17:37  Probe (Chrono Boost)  
  163  17:38  Pylon  
  159  17:47  Probe (Chrono Boost)  
  160  17:52  Probe (Chrono Boost)  
  161  18:17  Tempest  
  153  18:42  Carrier  
  153  18:44  Carrier  
  153  18:45  Carrier  
  153  18:47  Carrier  
  137  18:48  Carrier  
  117  18:58  Dark Templar  
  117  19:00  Dark Templar  
  117  19:01  Colossus (Chrono Boost)  
  109  20:05  Carrier (Chrono Boost)  
  109  20:07  Carrier (Chrono Boost)  
  103  20:08  Carrier (Chrono Boost)  
  129  20:56  Mothership  
  137  21:17  Carrier  
  137  21:24  Void Ray  
  141  21:25  Void Ray  
  141  21:26  Void Ray  
  143  21:40  Carrier  
  125  22:07  Void Ray  
  123  22:08  Void Ray  
  123  22:09  Void Ray  
  125  22:23  Pylon  
  125  22:25  Pylon  
  125  22:29  Pylon  
  125  22:33  Pylon  
  125  22:35  Pylon  
  125  22:38  Pylon  
  125  22:42  Pylon  
  125  22:43  Void Ray  
  129  22:50  Photon Cannon  
  129  22:52  Photon Cannon  
  129  22:55  Photon Cannon  
  129  22:56  Photon Cannon  
  129  23:03  Photon Cannon  
  129  23:06  Void Ray  
  129  23:07  Photon Cannon  
  129  23:09  Photon Cannon x2  
  133  23:16  Photon Cannon  
  133  23:19  Photon Cannon x2  
  133  23:23  Photon Cannon  
  133  23:25  Photon Cannon  
  133  23:26  Void Ray  
  137  23:30  Photon Cannon  
  137  23:35  Probe (Chrono Boost)  
  139  23:45  Probe x2 (Chrono Boost)  
  140  23:49  Void Ray  
  140  23:50  Probe (Chrono Boost)  
  140  23:53  Probe  
  146  23:58  Carrier  
  146  24:05  Probe  
  147  24:12  Nexus  
  147  24:15  Dark Templar  
  147  24:17  Probe  
  147  24:19  Dark Templar  
  148  24:29  Pylon, Probe  
  148  24:30  Pylon  
  149  24:31  Colossus, Pylon  
  149  24:32  Pylon x3  
  149  24:35  Pylon  
  149  24:39  Pylon  
  149  24:54  Dark Templar  
  149  24:59  Dark Templar  
  137  25:24  Colossus, Carrier  
  137  25:33  Dark Templar  
  115  26:42  Void Ray  
  115  26:44  Void Ray  
  115  26:46  Void Ray  
  127  26:48  Void Ray  
  127  26:49  Carrier  
  127  26:50  Void Ray  
  127  26:52  Mothership  
  149  26:59  Assimilator  
  149  27:01  Assimilator  
  139  27:25  Void Ray  
  139  27:27  Void Ray  
  139  27:29  Void Ray  
  151  27:31  Void Ray  
  151  27:33  Void Ray  
  159  27:47  Dark Templar  
  159  27:50  Dark Templar  
  163  28:15  Carrier  
  171  28:27  Dark Templar  
  171  28:29  Dark Templar  
  177  29:11  Observer  
Show
View Real Time Build Order
Export as new Build Order

IagoAbreu Terran 

Build Orders: Command Center First (CC) 

Get SALT Encoding   

  12  0:01  SCV  
  13  0:13  SCV  
  14  0:27  SCV  
  14  0:28  Supply Depot  
  15  0:37  Supply Depot  
  15  0:49  SCV  
  16  1:08  Command Center  
  17  1:11  SCV  
  17  1:24  Barracks  
  17  1:26  SCV  
  18  1:34  Refinery  
  18  1:39  SCV  
  19  1:51  SCV, Refinery  
  20  2:03  SCV  
  21  2:16  SCV  
  22  2:28  SCV  
  23  2:32  Barracks  
  24  2:52  Orbital Command  
  24  2:54  SCV, Barracks Reactor  
  24  3:04  Engineering Bay  
  24  3:07  SCV  
  25  3:19  SCV  
  26  3:28  Barracks Reactor, Bunker  
  26  3:31  SCV  
  27  3:38  Terran Infantry Weapons Level 1  
  27  3:42  Engineering Bay  
  27  3:43  SCV  
  27  3:45  SCV  
  29  3:55  SCV  
  30  3:57  Supply Depot  
  30  3:58  Supply Depot  
  30  4:00  Supply Depot  
  30  4:11  Factory  
  30  4:15  Marine x2  
  30  4:16  Marine x2  
  34  4:20  Supply Depot  
  34  4:23  Supply Depot  
  34  4:24  Supply Depot  
  34  4:33  Reaper x2  
  34  4:34  Reaper x2  
  34  4:36  Orbital Command  
  38  4:50  Command Center  
  38  5:05  Missile Turret  
  38  5:08  Factory Tech Lab  
  38  5:16  Reaper x3  
  38  5:17  Reaper  
  38  5:21  SCV  
  43  5:27  Missile Turret, Refinery x2  
  42  5:33  SCV  
  32  5:45  SCV  
  32  5:54  Hellion  
  32  5:57  SCV  
  31  6:09  SCV  
  32  6:28  SCV  
  33  6:36  Reaper x2  
  33  6:37  Reaper x2  
  37  6:40  SCV  
  34  6:52  SCV  
  35  7:00  Hellion  
  35  7:01  Infernal Pre-Igniter  
  37  7:04  SCV  
  38  7:08  Reaper  
  38  7:09  Reaper x3  
  42  7:16  SCV x2  
  42  7:19  SCV  
  45  7:28  SCV x2  
  47  7:34  Missile Turret  
  47  7:40  SCV  
  47  7:52  SCV  
  48  7:59  Planetary Fortress  
  47  8:44  SCV  
  48  8:53  Marine x2  
  48  8:54  Marine x2  
  52  8:56  SCV  
  50  9:08  SCV  
  49  9:11  Marine x3  
  49  9:12  Marine  
  51  9:19  SCV  
  51  9:20  SCV  
  51  9:21  SCV  
  54  9:29  Marine x4  
  54  9:31  SCV  
  59  9:33  SCV x2  
  61  9:43  SCV  
  62  9:45  SCV  
  62  9:46  Starport x2  
  62  9:48  Starport  
  62  9:52  Armory  
  63  9:55  SCV, Armory  
  63  9:57  Terran Infantry Armor Level 1  
  63  9:58  SCV  
  65  10:07  SCV  
  65  10:10  SCV  
  67  10:29  Reaper  
  67  10:30  Reaper  
  69  10:47  Widow Mine x2  
  73  10:50  Combat Shields  
  73  10:55  Terran Infantry Weapons Level 2  
  73  11:01  Reaper  
  73  11:02  Reaper  
  75  11:06  Starport Tech Lab  
  75  11:09  Starport Reactor x2  
  75  11:31  Raven  
  77  11:34  Reaper x2  
  77  11:37  SCV  
  80  11:44  Refinery  
  80  11:45  Refinery  
  80  11:49  SCV  
  81  12:01  SCV  
  81  12:05  Liberator  
  81  12:06  Reaper x2, Liberator x3  
  81  12:07  Widow Mine x2  
  88  12:09  Stimpack  
  88  12:13  SCV  
  89  12:25  SCV  
  89  12:26  Banshee  
  105  12:47  Widow Mine x2  
  109  12:59  Liberator  
  109  13:08  Widow Mine x2  
  109  13:09  Liberator x2  
  113  13:13  Liberator  
  116  13:26  Banshee  
  128  13:39  Supply Depot  
  128  13:40  Supply Depot x3  
  128  13:50  Terran Ship Weapons Level 1  
  128  13:53  Terran Vehicle And Ship Armor Level 1  
  128  13:55  Terran Infantry Weapons Level 3  
  128  13:56  Terran Infantry Armor Level 2  
  128  14:03  Supply Depot x2  
  128  14:05  Supply Depot  
  128  14:12  Fusion Core  
  128  14:40  Missile Turret  
  128  14:44  Missile Turret  
  128  14:48  Missile Turret  
  128  14:53  Missile Turret  
  128  15:08  Cyclone x2  
  128  15:12  Marine x2  
  136  15:17  Missile Turret  
  136  15:18  Missile Turret  
  135  15:25  Missile Turret  
  134  15:29  Marine  
  134  15:30  Marine  
  135  15:47  Marine x2  
  136  16:03  Missile Turret  
  136  16:05  Marine x2  
  137  16:29  Missile Turret  
  131  16:38  Viking x4  
  137  16:46  Advanced Ballistics  
  137  16:50  Battlecruiser  
  143  17:08  Viking x4  
  144  17:19  Missile Turret  
  144  17:21  Missile Turret  
  144  17:24  Missile Turret  
  144  17:30  Missile Turret x2  
  144  17:31  Missile Turret  
  144  17:38  Viking x4  
  144  17:41  Missile Turret  
  152  17:46  Starport  
  152  17:47  Terran Ship Weapons Level 2  
  152  17:49  Terran Vehicle And Ship Armor Level 2  
  152  17:51  Terran Infantry Armor Level 3  
  152  17:54  Battlecruiser  
  158  18:03  Weapon Refit  
  158  18:18  Viking  
  160  18:23  Viking  
  160  18:24  Viking  
  127  19:14  Command Center  
  124  19:20  Command Center  
  74  20:59  Liberator x2  
  74  21:00  Liberator x2  
  77  21:20  Marine  
  77  21:21  Marine  
  79  21:26  Battlecruiser  
  78  21:38  Marine x2  
  71  21:56  Marine x2  
  71  21:59  Viking x2  
  71  22:01  Refinery  
  77  22:05  Refinery  
  77  22:14  Marine x2  
  57  23:10  Viking x2  
  57  23:11  Viking x2  
  65  23:15  Marine x2  
  67  23:25  Refinery  
  67  23:27  Refinery  
  67  23:33  Marine x2, Missile Turret  
  69  23:35  Missile Turret  
  69  23:50  Marine x2, Missile Turret x2  
  69  23:55  Missile Turret  
  71  24:08  Marine x2  
  73  24:10  Missile Turret x2  
  73  24:50  Viking x3  
  73  24:51  Viking  
  70  25:20  Viking x2  
  58  25:27  Viking x2  
  44  25:30  Marine x2  
  44  25:48  Marine x2  
  26  26:17  Liberator  
  17  26:31  Viking x4  
  27  26:40  Missile Turret  
  26  27:00  Missile Turret  
  14  29:05  Engineering Bay  
Tags
 
Add a new tag
Caveats
  • Supply blocks, unpowered buildings, or Contaminate may cause inaccurate times.
  • Supply counts are checked every 10 seconds.